Map: Kairos Junction LE

Players

KillerAmy

  • Race: Protoss Protoss
  • League: Gold
  • Spawn Location: 5:00

MiuGu - Winner!

  • Race: Zerg Zerg
  • League: Gold
  • Spawn Location: 11:00

VOD

Have the link to the VOD?

Description

Time

  • Played on: March 29, 2019, 2:33 p.m.
  • Length: 40:59
Show
View Real Time Build Order
Export as new Build Order

KillerAmy Protoss 

Build Orders:  

Get SALT Encoding   

  1  0:00  Probe  
  12  0:06  Probe  
  14  0:16  Probe  
  15  0:23  Pylon  
  15  0:43  Forge  
  15  0:45  Probe  
  16  0:57  Probe  
  16  1:34  Probe  
  16  1:36  Photon Cannon  
  17  1:40  Photon Cannon  
  17  1:42  Probe  
  18  1:55  Pylon  
  18  1:57  Probe  
  19  2:14  Photon Cannon  
  19  2:18  Photon Cannon  
  19  2:19  Photon Cannon  
  19  2:22  Pylon  
  19  2:49  Photon Cannon  
  19  2:52  Probe  
  19  2:54  Photon Cannon  
  20  3:00  Probe  
  20  3:01  Assimilator  
  20  3:05  Assimilator  
  21  3:08  Photon Cannon  
  21  3:09  Photon Cannon  
  21  3:15  Pylon  
  21  3:22  Probe  
  22  3:30  Probe  
  22  3:32  Pylon  
  23  3:47  Nexus  
  23  3:56  Gateway  
  23  4:01  Pylon  
  23  4:03  Probe  
  24  4:10  Pylon  
  24  4:14  Probe  
  25  4:22  Probe  
  26  4:31  Photon Cannon  
  26  4:51  Cybernetics Core  
  26  4:57  Photon Cannon  
  26  5:02  Photon Cannon  
  26  5:12  Photon Cannon  
  26  5:14  Probe  
  26  5:16  Photon Cannon  
  27  5:22  Probe  
  28  5:39  Stargate  
  28  5:45  Stargate  
  28  5:50  Probe  
  29  5:59  Probe  
  30  6:05  Photon Cannon  
  30  6:07  Probe  
  30  6:08  Pylon  
  31  6:17  Probe  
  31  6:19  Void Ray  
  32  6:25  Probe  
  32  6:30  Void Ray  
  41  6:33  Probe  
  42  6:47  Probe  
  42  6:52  Assimilator  
  43  6:54  Protoss Air Weapons Level 1  
  43  6:58  Probe  
  44  7:02  Pylon  
  44  7:06  Probe  
  44  7:07  Photon Cannon  
  44  7:11  Pylon, Void Ray  
  44  7:14  Probe  
  50  7:33  Assimilator  
  50  7:35  Void Ray  
  54  7:51  Nexus  
  54  7:55  Protoss Shields Level 1  
  54  8:07  Photon Cannon  
  54  8:16  Void Ray, Photon Cannon  
  58  8:22  Stargate  
  58  8:32  Pylon  
  58  8:50  Void Ray  
  62  8:56  Fleet Beacon  
  62  9:00  Robotics Facility  
  62  9:02  Photon Cannon  
  62  9:15  Photon Cannon  
  62  9:18  Void Ray  
  62  9:22  Probe  
  66  9:30  Probe  
  67  9:36  Photon Cannon  
  68  9:40  Probe  
  68  9:41  Photon Cannon  
  69  9:52  Void Ray, Probe  
  74  10:23  Void Ray  
  74  10:24  Void Ray  
  82  10:37  Observer  
  82  10:40  Void Ray  
  87  10:58  Observer  
  88  11:08  Pylon  
  88  11:10  Tempest  
  88  11:11  Tempest  
  98  11:22  Probe, Photon Cannon  
  99  11:30  Probe  
  99  11:32  Assimilator  
  99  11:34  Pylon  
  99  11:37  Pylon  
  100  11:50  Photon Cannon  
  100  11:52  Photon Cannon  
  100  11:54  Photon Cannon  
  100  11:55  Pylon  
  100  12:00  Pylon  
  99  12:22  Photon Cannon  
  99  12:28  Pylon  
  99  12:41  Photon Cannon  
  99  12:43  Photon Cannon  
  99  12:47  Photon Cannon  
  99  12:52  Photon Cannon  
  99  12:53  Photon Cannon  
  99  12:54  Photon Cannon  
  99  12:56  Photon Cannon x2  
  99  13:01  Photon Cannon  
  99  13:02  Photon Cannon  
  99  13:04  Photon Cannon  
  99  13:05  Photon Cannon  
  99  13:07  Photon Cannon  
  99  13:09  Photon Cannon  
  99  13:12  Pylon  
  99  13:22  Void Ray, Twilight Council  
  103  13:51  Photon Cannon  
  103  13:54  Photon Cannon  
  103  13:56  Shield Battery  
  103  13:59  Pylon  
  103  14:01  Probe  
  103  14:09  Probe  
  104  14:12  Pylon  
  105  14:19  Pylon, Probe, Tempest  
  105  14:20  Tempest  
  116  14:31  Probe  
  116  14:34  Photon Cannon, Protoss Shields Level 2  
  117  14:40  Observer, Assimilator  
  118  14:50  Stargate  
  118  14:53  Void Ray  
  122  15:01  Protoss Air Weapons Level 2  
  122  15:21  Tempest  
  122  15:22  Tempest  
  132  15:33  Photon Cannon  
  132  15:34  Photon Cannon  
  132  15:38  Photon Cannon  
  132  15:42  Photon Cannon  
  132  15:44  Photon Cannon  
  132  15:46  Pylon  
  132  16:00  Photon Cannon  
  132  16:02  Photon Cannon  
  132  16:05  Photon Cannon  
  132  16:10  Photon Cannon  
  132  16:19  Tempest  
  137  16:48  Tempest x2  
  137  16:49  Tempest  
  135  17:31  Protoss Air Armor Level 1  
  113  17:52  Photon Cannon  
  113  17:53  Photon Cannon  
  113  17:55  Photon Cannon  
  113  17:56  Photon Cannon  
  113  17:57  Photon Cannon  
  113  17:58  Photon Cannon  
  113  18:00  Photon Cannon  
  113  18:09  Photon Cannon  
  113  18:11  Photon Cannon  
  113  18:12  Photon Cannon  
  101  18:55  Photon Cannon  
  101  18:56  Photon Cannon  
  101  19:00  Photon Cannon  
  101  19:20  Photon Cannon  
  101  19:21  Photon Cannon  
  101  19:24  Photon Cannon  
  101  19:27  Pylon  
  80  20:23  Photon Cannon  
  80  20:25  Nexus  
  80  20:27  Void Ray x4  
  96  20:37  Photon Cannon  
  96  20:42  Photon Cannon  
  96  20:45  Photon Cannon  
  96  20:48  Photon Cannon  
  96  20:50  Photon Cannon  
  96  20:53  Photon Cannon  
  96  20:54  Photon Cannon  
  96  20:58  Photon Cannon  
  96  21:02  Photon Cannon  
  96  21:05  Photon Cannon  
  96  21:23  Pylon  
  96  21:28  Pylon  
  96  21:56  Protoss Shields Level 3  
  90  22:21  Void Ray  
  90  22:22  Void Ray x2  
  102  22:23  Void Ray  
  106  23:12  Protoss Air Weapons Level 3  
  106  23:13  Nexus  
  98  23:40  Pylon  
  98  23:43  Pylon  
  98  24:00  Photon Cannon  
  98  24:02  Pylon  
  98  24:04  Photon Cannon  
  98  24:12  Photon Cannon  
  98  24:14  Photon Cannon  
  98  24:17  Photon Cannon  
  98  24:29  Pylon  
  98  24:31  Photon Cannon  
  98  24:33  Photon Cannon  
  98  25:05  Photon Cannon  
  88  25:30  Photon Cannon  
  88  25:33  Photon Cannon x2  
  88  25:37  Photon Cannon  
  88  25:39  Photon Cannon  
  88  25:41  Photon Cannon  
  88  25:43  Photon Cannon  
  88  25:46  Photon Cannon  
  88  25:51  Photon Cannon  
  88  25:55  Photon Cannon  
  88  26:02  Void Ray, Photon Cannon  
  88  26:06  Pylon  
  92  26:39  Void Ray  
  96  26:51  Nexus  
  96  26:57  Photon Cannon  
  96  27:00  Photon Cannon  
  96  27:05  Photon Cannon  
  96  27:11  Photon Cannon  
  96  27:23  Void Ray  
  100  27:39  Void Ray  
  100  27:46  Void Ray  
  108  28:14  Void Ray x2  
  116  28:24  Probe  
  116  28:32  Probe  
  118  28:41  Protoss Air Armor Level 2  
  118  28:42  Void Ray  
  118  28:48  Void Ray  
  122  28:53  Void Ray  
  122  28:58  Void Ray  
  134  29:31  Void Ray  
  134  29:32  Void Ray  
  142  29:39  Void Ray  
  146  29:50  Assimilator  
  131  30:37  Photon Cannon  
  126  30:43  Photon Cannon  
  126  30:46  Void Ray x3  
  126  30:47  Void Ray  
  142  30:57  Pylon  
  142  31:01  Pylon  
  142  31:11  Pylon  
  142  31:15  Pylon  
  142  31:19  Photon Cannon  
  142  31:20  Photon Cannon  
  142  31:23  Photon Cannon x2  
  142  31:25  Photon Cannon  
  142  31:27  Photon Cannon  
  142  31:28  Photon Cannon  
  142  31:32  Photon Cannon  
  142  31:33  Photon Cannon  
  142  31:34  Photon Cannon x2  
  138  32:00  Void Ray x2  
  138  32:01  Void Ray  
  123  33:23  Assimilator  
  95  33:30  Void Ray x2  
  95  33:31  Void Ray x2  
  55  34:10  Nexus  
  55  34:11  Pylon  
  55  34:16  Pylon  
  55  34:17  Void Ray x2  
  55  34:18  Void Ray x2  
  64  34:33  Probe  
  58  34:41  Probe  
  59  34:45  Photon Cannon  
  59  34:47  Photon Cannon  
  59  34:49  Photon Cannon  
  59  34:51  Probe  
  59  34:53  Photon Cannon  
  59  34:59  Probe  
  61  35:09  Photon Cannon  
  61  35:15  Photon Cannon  
  61  35:19  Probe  
  61  35:27  Probe  
  63  35:37  Probe  
  64  35:49  Probe  
  65  35:54  Photon Cannon  
  65  36:01  Probe  
  66  36:07  Void Ray  
  70  36:13  Probe  
  71  36:27  Void Ray  
  74  36:40  Photon Cannon  
  74  36:44  Photon Cannon  
  73  37:40  Void Ray  
  73  37:41  Void Ray  
  68  38:32  Nexus  
  68  38:49  Void Ray  
  68  38:50  Void Ray  
  76  39:09  Pylon  
  76  39:32  Photon Cannon  
  68  40:09  Nexus  
Show
View Real Time Build Order
Export as new Build Order

MiuGu Zerg - Winner!

Build Orders: Hatch First 

Get SALT Encoding   

  12  0:01  Drone  
  13  0:15  Overlord  
  13  0:17  Drone  
  15  0:35  Drone x2  
  16  0:54  Hatchery  
  15  1:00  Drone  
  15  1:01  Drone  
  17  1:15  Drone x2  
  19  1:18  Extractor  
  18  1:27  Spawning Pool  
  18  1:29  Drone  
  18  1:42  Drone  
  18  1:47  Drone  
  20  1:55  Drone  
  21  2:05  Overlord  
  21  2:06  Overlord  
  21  2:26  Spine Crawler  
  21  2:28  Spine Crawler, Zergling x2  
  21  2:29  Zergling x6  
  23  2:37  Roach Warren  
  23  2:38  Zergling x2  
  23  2:47  Zergling x2  
  24  3:03  Queen  
  24  3:04  Spine Crawler  
  25  3:09  Drone x2  
  27  3:23  Roach x2  
  31  3:28  Drone x2  
  33  3:43  Roach  
  33  3:45  Overlord  
  35  3:50  Drone  
  36  4:03  Drone x2  
  36  4:04  Drone x3  
  43  4:10  Roach  
  43  4:15  Drone  
  44  4:23  Lair  
  44  4:36  Overlord x3  
  43  4:54  Queen  
  43  4:56  Extractor  
  43  4:57  Drone x4  
  48  5:04  Roach x4  
  48  5:05  Roach  
  58  5:13  Roach  
  60  5:20  Drone  
  61  5:25  Glial Reconstitution  
  61  5:30  Overseer  
  61  5:32  Drone x4  
  61  5:33  Drone  
  65  5:46  Drone x2  
  65  5:49  Drone  
  68  6:03  Overlord x3  
  68  6:23  Drone x5  
  68  6:24  Drone  
  74  6:37  Metabolic Boost  
  74  6:52  Drone x5  
  79  6:58  Extractor  
  78  7:29  Nydus Network  
  77  7:31  Queen  
  77  7:32  Queen  
  77  7:34  Roach x5  
  77  7:36  Overlord  
  77  7:37  Overlord x7  
  91  7:54  Evolution Chamber  
  87  8:18  Extractor  
  86  8:24  Overseer x2  
  86  8:36  Roach x8  
  86  8:37  Roach x3  
  106  9:56  Roach x6  
  118  10:06  Hatchery  
  117  10:14  Hatchery  
  116  10:24  Ravager x6, Hatchery  
  116  10:25  Ravager x3  
  124  10:32  Nydus Canal  
  124  10:35  Hatchery  
  123  11:02  Nydus Canal  
  120  11:39  Roach x2  
  142  11:40  Roach x15  
  154  11:49  Queen  
  154  11:50  Queen  
  154  11:52  Queen  
  160  11:55  Drone  
  160  11:56  Drone  
  160  11:58  Drone  
  161  12:06  Nydus Canal  
  161  12:26  Nydus Canal  
  161  12:46  Overseer x3  
  162  12:51  Drone x2  
  163  13:03  Overlord  
  163  13:04  Overlord x3  
  163  13:06  Zerg Missile Weapons Level 1  
  163  13:28  Hydralisk Den  
  136  13:52  Drone x6  
  142  13:58  Drone x3  
  145  14:25  Hydralisk x20  
  145  14:26  Hydralisk x5  
  195  14:35  Overlord x7  
  195  14:52  Spore Crawler x2  
  175  15:02  Zerg Missile Weapons Level 2  
  169  15:07  Infestation Pit  
  168  15:16  Spore Crawler  
  167  15:23  Hydralisk x12  
  167  15:24  Hydralisk x4  
  199  15:34  Grooved Spines  
  177  15:59  Hydralisk x9  
  177  16:00  Hydralisk x2  
  199  16:23  Extractor x2  
  197  16:46  Muscular Augments  
  110  17:30  Hydralisk x15  
  110  17:31  Hydralisk x10  
  152  17:43  Hydralisk x3  
  117  17:52  Zergling x42  
  117  17:53  Zergling x22  
  149  17:59  Zerg Melee Weapons Level 1  
  149  18:01  Hive  
  111  18:58  Roach x19  
  111  18:59  Roach x3  
  155  19:06  Overseer x4  
  155  19:32  Hatchery  
  155  19:37  Hydralisk  
  155  19:38  Hydralisk x9  
  152  20:05  Hydralisk  
  152  20:06  Hydralisk x5  
  136  20:18  Zergling x28  
  144  20:41  Drone x2  
  144  20:42  Drone x2  
  148  20:53  Extractor  
  148  20:54  Extractor  
  132  21:26  Hydralisk x13  
  158  21:39  Hydralisk x4  
  166  21:52  Drone x2  
  168  21:58  Drone x2  
  168  21:59  Drone x4  
  174  22:16  Hydralisk x7  
  186  22:29  Evolution Chamber  
  181  22:30  Evolution Chamber  
  170  22:42  Spire  
  170  22:43  Spire  
  142  22:47  Roach  
  142  22:48  Roach x7  
  154  23:05  Hydralisk  
  154  23:06  Hydralisk x4  
  162  23:22  Extractor  
  162  23:26  Extractor  
  154  23:39  Hatchery  
  153  23:51  Hatchery  
  153  23:55  Hatchery  
  151  24:06  Zerg Missile Weapons Level 3  
  151  24:08  Zerg Ground Armor Level 1  
  151  24:10  Zerg Melee Weapons Level 2  
  151  24:24  Hydralisk  
  151  24:25  Hydralisk x9  
  171  24:40  Roach x5  
  181  24:53  Roach x5  
  175  25:13  Hydralisk x5  
  117  25:23  Hydralisk x3  
  123  25:42  Drone x7  
  130  25:43  Drone x5  
  135  25:57  Corruptor x2  
  139  26:20  Greater Spire  
  139  26:22  Zerg Flyer Armor Level 1  
  139  26:24  Hydralisk x6  
  151  26:34  Roach x5  
  151  26:39  Ravager  
  163  26:40  Ravager x2  
  164  26:53  Zerg Ground Armor Level 2  
  164  27:01  Corruptor  
  166  27:29  Drone x4  
  171  27:30  Drone  
  171  27:31  Extractor  
  171  27:33  Extractor  
  169  27:39  Extractor  
  169  27:40  Extractor  
  167  27:47  Corruptor  
  167  27:48  Corruptor x5  
  174  28:13  Spore Crawler  
  174  28:16  Overseer  
  173  28:24  Brood Lord x2  
  173  28:25  Brood Lord  
  179  28:27  Brood Lord  
  181  28:38  Viper  
  184  28:56  Brood Lord x2  
  180  29:28  Corruptor x5  
  190  29:32  Viper  
  175  30:27  Overseer  
  157  30:52  Hydralisk x18  
  193  31:16  Zerg Flyer Armor Level 2  
  193  31:18  Zerg Flyer Weapons Level 1  
  191  32:05  Brood Lord  
  191  32:06  Brood Lord x2  
  197  32:17  Adrenal Glands  
  157  32:38  Hydralisk x20  
  157  32:39  Hydralisk x6  
  185  32:52  Hydralisk  
  185  32:53  Hydralisk x6  
  153  33:14  Hydralisk x3  
  153  33:15  Hydralisk x8  
  175  33:25  Roach  
  175  33:26  Roach x6  
  177  33:28  Hydralisk  
  177  33:29  Hydralisk  
  147  33:39  Hydralisk  
  147  33:40  Hydralisk x3  
  139  33:43  Zergling x20  
  139  33:44  Zergling x58  
  176  33:53  Hydralisk x2  
  176  33:54  Hydralisk x4  
  184  34:09  Hydralisk  
  184  34:10  Hydralisk x5  
  166  34:32  Zergling x16  
  166  34:33  Zergling x30  
  178  34:38  Hydralisk  
  178  34:39  Hydralisk  
  182  34:50  Corruptor x2  
  186  35:01  Hydralisk  
  186  35:02  Hydralisk x2  
  192  35:39  Hatchery  
  191  35:53  Extractor  
  191  35:54  Extractor  
  189  36:01  Overlord, Corruptor  
  189  36:02  Corruptor  
  189  36:03  Overlord, Corruptor x3  
  195  36:21  Zergling x10  
  195  36:22  Zergling x6  
  199  36:30  Zerg Melee Weapons Level 3, Zerg Ground Armor Level 3  
  199  36:45  Zerg Flyer Weapons Level 2  
  199  36:46  Zerg Flyer Armor Level 3  
  199  37:02  Overseer x2  
  199  37:11  Spore Crawler  
  198  37:19  Spore Crawler  
  139  38:03  Hydralisk x7  
  139  38:04  Hydralisk x24  
  148  38:19  Hydralisk x5  
  158  38:36  Corruptor x3  
  164  38:52  Corruptor x3  
  170  39:13  Corruptor x4  
  178  39:54  Corruptor  
  178  39:55  Overlord  
  178  39:56  Corruptor x3  
  178  39:57  Corruptor x2  
  188  40:09  Corruptor x2  
Tags
 
Add a new tag
Caveats
  • Supply blocks, unpowered buildings, or Contaminate may cause inaccurate times.
  • Supply counts are checked every 10 seconds.